 Dungeon Crawl Stone Soup version 0.28-a0-1510-gd0f6b136d3 (webtiles) character file.

Game seed: 6703521648323679506

5 horus123 the Grave Robber (level 1, 0/10 HPs)
             Began as a Deep Elf Necromancer on Jan 16, 2022.
             Frozen to death by an endoplasm (3 damage)
             ... on level 1 of the Dungeon.
             The game lasted 00:00:29 (27 turns).

horus123 the Grave Robber (Deep Elf Necromancer)      Turns: 27, Time: 00:00:29

Health: 0/10       AC:  2    Str:  5    XL:     1   Next: 66%
Magic:  1/6        EV: 12    Int: 19    God:
Gold:   0          SH:  0    Dex: 15    Spells: 5/6 levels left

rFire   . . .      SeeInvis .   (no weapon)
rCold   . . .      Faith    .   (no shield)
rNeg    . . .      Spirit   .   a - +0 robe
rPois   .          Reflect  .   (no helmet)
rElec   .          Harm     .   (no cloak)
rCorr   .          Rampage  .   (no gloves)
Will    .....                   (no boots)
Stlth   ++........              (no amulet)
HPRegen 0.03/turn               (no ring)
MPRegen 0.10/turn               (no ring)

@: no status effects
A: no striking features
a: no special abilities


You were on level 1 of the Dungeon.
You visited 1 branch of the dungeon, and saw 1 of its levels.

Inventory:

Armour
 a - a +0 robe (worn)


   Skills:
 - Level 2.4 Dodging
 - Level 2.4 Stealth
 + Level 3.4 Spellcasting
 - Level 5.0 Necromancy


You had 5 spell levels left.
You knew the following spells:

 Your Spells              Type           Power      Damage    Failure   Level
a - Pain                  Necr           88%        1d8       1%          1

Your spell library contained the following spells:

 Spells                   Type           Power      Damage    Failure   Level
 Animate Skeleton         Necr           44%        N/A       1%          1
 Vampiric Draining        Necr           22%        2d7       5%          3
 Animate Dead             Necr           11%        N/A       19%         4
 Agony                    Necr           22%        N/A       45%         5


Dungeon Overview and Level Annotations

Branches:
Dungeon (1/15)

Altars:


Message History

There are monsters nearby!
You enter the shallow water.
Moving in this stuff is going to be slow.
A hobgoblin comes into view.
The ball python hisses angrily.
The hobgoblin shouts!
The ball python hisses angrily.
A bat comes into view.
Your unstable footing causes you to fumble your attack.
The ball python bites you but does no damage.
The ball python barely misses you.
The ball python writhes in agony!
You kill the ball python!
The endoplasm quivers.
Your Necromancy skill increases to level 5!
The bat barely misses you. The ball python closely misses you. x2
The bat closely misses you. The bat barely misses you.
The ball python writhes in agony.
The bat barely misses you.
The ball python bites you but does no damage.
The ball python closely misses you.
The ball python writhes in agony.
You kill the ball python!
The bat hits you but does no damage.
You are too injured to fight recklessly!
Aiming: Pain (safe; 1% risk of failure)
Press: ? - help, Q - select action Shift-Dir - straight line, f - bat
Aim: a bat (chance to affect: 90%)
The bat writhes in agony!
You kill the bat!
Aiming: Pain (safe; 1% risk of failure)
Press: ? - help, Q - select action Shift-Dir - straight line, f - hobgoblin
Aim: a hobgoblin (chance to affect: 91%)
The hobgoblin writhes in agony!
You kill the hobgoblin!
There is an open door here.
The endoplasm jiggles.
There is a staircase leading out of the dungeon here.
There is an escape hatch in the floor here.
The endoplasm freezes you.
You are frozen.
You die...

##### ≈≈≈ ##@..## ≈
≈≈≈≈ #..J..# ≈≈
≈≈≈≈≈≈#..<..# ≈≈≈
≈≈≈≈≈≈≈#.....# ≈≈≈≈
≈≈≈≈≈≈≈##...##≈≈≈≈≈
≈≈≈≈≈≈≈≈##'##≈≈≈≈≈≈
≈≈≈≈≈≈≈≈≈...≈≈≈≈≈≈≈
≈≈≈≈≈≈≈≈≈..≈≈≈≈≈≈≈≈
≈≈≈≈≈≈≈≈≈..≈≈≈≈≈≈≈≈


You could see an endoplasm.

Vanquished Creatures
  A bat (D:1)
  A hobgoblin (D:1)
  A quokka (D:1)
  2 ball pythons (D:1)
5 creatures vanquished.

Notes
Turn   | Place    | Note
-------+----------+-------------------------------------------
     0 | D:1      | horus123 the Deep Elf Necromancer began the quest for the
                  | Orb.
     0 | D:1      | Reached XP level 1. HP: 10/10 MP: 6/6
    13 | D:1      | Reached skill level 5 in Necromancy
    27 | D:1      | Frozen to death by an endoplasm

Illustrated notes

Levels and vault maps discovered:
D:1:      minmay_arrival_shoal_huts, layout_loops_ring,
          ebering_ecumenical_altar_abandoned, moated_statue

Skill      XL: |  1 |
---------------+----+-----
Necromancy     | 5 |  5.0
Dodging        | |  2.4
Stealth        | |  2.4
Spellcasting   | |  3.4

Action                   || total
-------------------------++-------
Melee: Unarmed           ||     1
 Cast: Pain              ||     7
Armor: Robe              ||     3
Dodge: Dodged            ||     8

Table legend: (Time is in decaauts)
 A = Elapsed time spent in this place.
 B = Non-inter-level travel time spent in this place.
 C = Inter-level travel time spent in this place.
 D = Time resting spent in this place.
 E = Time spent auto-exploring this place.
 F = Levels seen in this place.
 G = Mean time per level.
                   A        B        C        D        E       F      G
               +--------+--------+--------+--------+--------+-----+--------+
         Total |     27 |     27 |      0 |      0 |      4 |   1 |   27.0 |
       Dungeon |     27 |     27 |      0 |      0 |      4 |   1 |   27.0 |
               +--------+--------+--------+--------+--------+-----+--------+

Top non-repeatable levels by time:
     D:1: 27 daAuts
